cohdb
Replays
Latest Replays
All Replays
Popular Replays
Top Player Replays
Match Explorer
How It Works
Community
CoH3 Stats
Reddit
Sign in to upload your games and track your stats! →
Sign in with Steam
Match 46865670
Unlisted
Match 46865670
Overview
Messages
Build Orders
End
Pioneer Squad
Construct Infanterie Kompanie
MG 42 Machine Gun Team
Grenadier Squad
Selects Terror Battlegroup
Selects Machine Gun Camouflage
Grenadier Squad
Construct Panzergrenadier Kompanie
Support Elements
Nebelwerfer 42 Rocket Launcher Team
MG 42 Machine Gun Team
Nebelwerfer 42 Rocket Launcher Team
Nebelwerfer 42 Rocket Launcher Team
Construct Panzer Kompanie
Selects No Quarter
Stoßtruppen Squad
Stoßtruppen Squad
Medical Station
Sturmpanzer IV Brummbär
Pak 40 Anti-tank Gun Team
Pak 40 Anti-tank Gun Team
UMirinBrah?
Ghost
Aoascer
Boneless
Arwootarch
BazookaJoe
0
0
Comments
sign in to comment!
No comments posted yet!